[Event "USA Championship Women 2022"]
[Site "Saint Louis"]
[Date "2022.10.11"]
[Round "6.1"]
[White "Zatonskih, Anna"]
[Black "Tokhirjonova, Gulrukhbegim"]
[Result "1/2-1/2"]
[ECO "E36"]
[WhiteElo "2368"]
[BlackElo "2336"]
[Annotator "TA"]
[PlyCount "79"]
[EventDate "2022.09.05"]
[EventType "tourn"]
[EventCountry "USA"]
[SourceTitle "playchess.com"]
[Source "ChessBase"]
[SourceQuality "1"]
[TimeControl "40/5400+30:1800+30"]

1. d4 Nf6 2. c4 e6 3. Nc3 Bb4 4. Qc2 O-O 5. a3 Bxc3+ 6. Qxc3 d5 7. Nf3 dxc4 8. Qxc4 b6 9. g3 {[%emt 0:01:01] E36: Nimzo-Indian: Classical: 4...d5 5 a3.} Ba6 {[%emt 0:02:30] 9...Bb7 is vanishing.} 10. Qc2 Nbd7 {[%emt 0:03:15][%cal Bb8d7,Bd7c5,Bc5e4][%mdl 32] 10...Bb7 is vanishing.} 11. Bg2 {[%emt 0:05:50] The position is equal.} c5 12. dxc5 {[%emt 0:33:03] [#]} Nxc5 $146 ({Predecessor:} 12... bxc5 13. O-O Qb6 14. Rd1 Bb7 15. Bd2 Be4 16. Qc1 Rab8 17. Bc3 Nd5 18. Rd2 Rfd8 {½-½ (25) Van Foreest,J (2153)-Sachdev,T (2419) Hoogeveen 2011}) 13. b4 Nce4 {[%emt 0:05:01] Threatening ...Rc8. Pair of Knights!} 14. Bb2 Qe8 (14... Rc8 {is more complex.} 15. Qa4 Bc4 16. Rd1 Qc7) 15. Bxf6 Nxf6 16. O-O Rc8 17. Qb2 Qa4 18. Rac1 {[%emt 0:02:29] Inhibits Rc2.} Bb7 19. Nd4 Bxg2 20. Kxg2 Qd7 21. Rxc8 Rxc8 22. Rc1 Rxc1 23. Qxc1 $11 {[%emt 0:00:01][%mdl 4096] Endgame KQN-KQN} h5 24. Qc4 a6 25. Nf3 a5 26. bxa5 bxa5 27. a4 Qb7 28. Qc5 Qd5 29. Qc8+ Kh7 30. Qc7 Kg8 31. Qc8+ Kh7 32. Qc7 Kg8 33. h3 Ne4 34. Qb8+ Kh7 {[%emt 0:00:34] aiming for ...Qc5.} 35. Qe5 Nc5 (35... Qxe5 $11 36. Nxe5 Nc3) 36. Qc3 Ne4 37. Qe5 Nc5 {[%emt 0:03:43] [#]} 38. Qc3 (38. Qc7 $1 $16) 38... Ne4 39. Qe5 Nc5 {[%emt 0:01:11] [#]} (39... Qxe5 $11 {remains equal.} 40. Nxe5 Nc3) 40. Qc3 {[%emt 0:00:11] Weighted Error Value: White=0.14 (very precise) /Black=0.17 (very precise)} ({Only move:} 40. Qc7 $1 $16) 1/2-1/2

[Event "USA Championship Women 2022"]
[Site "Saint Louis"]
[Date "2022.10.11"]
[Round "6.2"]
[White "Abrahamyan, Tatev"]
[Black "Eswaran, Ashritha"]
[Result "0-1"]
[ECO "B33"]
[WhiteElo "2308"]
[BlackElo "2365"]
[Annotator "TA"]
[PlyCount "86"]
[EventDate "2022.09.05"]
[EventType "tourn"]
[EventCountry "USA"]
[SourceTitle "playchess.com"]
[Source "ChessBase"]
[SourceQuality "1"]
[TimeControl "40/5400+30:1800+30"]

1. e4 c5 2. Nf3 Nc6 3. d4 cxd4 4. Nxd4 Nf6 5. Nc3 e5 6. Ndb5 d6 7. Bg5 a6 8. Na3 b5 9. Nd5 Be7 10. Bxf6 Bxf6 11. c4 b4 {[%emt 0:00:18] B33: Sicilian: Pelikan and Sveshnikov Variations.} 12. Nc2 O-O {[%emt 0:00:22] seems to push 12...a5 aside.} 13. Qf3 Bg5 {[%emt 0:00:24] The position is equal.} 14. h4 Bh6 15. g4 {[%emt 0:00:13] Against f5. g5 is the strong threat.} f6 {[%emt 0:00:07] Prevents g5.} 16. Be2 a5 17. Rd1 Be6 18. Rg1 Ra7 19. Qg3 {[%emt 0:09:48] [#] Strongly threatening g5.} g6 $146 ({Predecessor:} 19... Bxd5 20. exd5 Bf4 21. Qf3 Nb8 22. Nd4 exd4 23. Qxf4 Re7 24. Kf1 Na6 25. Qxd4 Nc5 {0-1 (50) Briand,A (2014)-Harish,N (1477) Biel 2021}) 20. Rh1 Bf7 21. h5 gxh5 22. Nde3 (22. Nce3 $11) 22... Rd7 (22... Bxe3 $15 {is superior.} 23. Qxe3 hxg4) 23. gxh5+ $11 Kh8 24. Bg4 Bf4 25. Qf3 Rc7 26. c5 $2 (26. b3 $14 {keeps the upper hand.}) 26... b3 $19 (26... Bxa2 27. cxd6 Rb7 28. Ng2 $15) 27. axb3 Bxb3 {[%emt 0:00:25] aiming for ...Bxe3.} 28. Rxd6 (28. Qe2 $17 {might work better.}) 28... Qb8 {[%emt 0:00:08] White must now prevent ...Bxe3.} 29. Qe2 Nb4 30. Rb6 $2 (30. Nxb4 Qxb4+ 31. Qd2 Qxe4 32. Rh4) 30... Nxc2+ $1 31. Kf1 (31. Nxc2 $142 Qxb6 32. cxb6 Rxc2 33. Qd1) 31... Qe8 $2 (31... Nxe3+ 32. fxe3 Bc4 $1 33. Rxb8 (33. Qxc4 $2 Qxb6 34. cxb6 Rxc4 $19) 33... Bxe2+ 34. Kxe2 Rxb8 35. exf4 Rxb2+ 36. Kf3 Rb3+ 37. Ke2 exf4) 32. Nxc2 (32. Rxb3 $2 Nd4 33. Qd3 Nxb3 34. Qxb3 Rxc5 $19) 32... Qa4 ({Black should play} 32... a4 $1 $19 33. Na1 Bf7) 33. Ne3 (33. Na3 $17) 33... Qxe4 34. Bf3 (34. Qf3 $142 Bc2 35. Nxc2 Qxc2 36. Qc3) 34... Qb1+ $1 35. Kg2 Rg7+ $1 36. Ng4 {[%emt 0:00:27] [#]} Qa2 37. Qd3 {[%emt 0:00:31] [#] Against Bd5} (37. Kh3 {was forced.}) 37... Be6 $1 {[%emt 0:00:19] A strong pair of Bishops.} 38. Qd6 Re8 {[%emt 0:00:50] Chess con chili.} 39. Rb8 $2 (39. h6 Rg6 40. Rb8 Rxb8 41. Qxb8+ Rg8 42. Qd6) 39... Rxb8 {[%emt 0:00:33] Black is clearly winning.} 40. Qxb8+ Rg8 41. Qd6 f5 (41... Rxg4+ 42. Bxg4 Bxg4 43. Qf8+ (43. Qxf6+ Kg8 $15) 43... Qg8 44. Qxf6+ Qg7 45. Qd8+ Qg8 46. Qxg8+ (46. Qf6+ Qg7 $14) 46... Kxg8 47. Ra1 $14) 42. Ra1 Qc4 (42... Qxa1 43. Qxe6 Qxb2 44. Qf6+ Rg7 45. Qf8+ Rg8 46. Qf6+ Rg7 47. Qf8+ Rg8 48. Qf6+ $11) (42... fxg4 43. Rxa2 gxf3+ 44. Kxf3 Bxa2 45. Qf6+ Rg7 46. h6 Bxh6 47. Qxh6 $18) (42... Rxg4+ $2 43. Bxg4 Qd5+ 44. Bf3 Qxd6 45. cxd6 $18) 43. Ra4 e4 {[%emt 0:00:26] Weighted Error Value: White=0.48/Black=0.16 (very precise)} ({Stronger than} 43... Qxa4 44. Qxe6 Qe8 45. Qf6+ Rg7 46. Qxf5 $15) ({Much less strong is} 43... fxg4 44. Rxc4 gxf3+ 45. Kxf3 Bxc4 46. Qf6+ Rg7 47. h6 Bxh6 48. Qxh6 $18) ({But not} 43... Rxg4+ 44. Bxg4 Qd5+ 45. Qxd5 Bxd5+ 46. Bf3 $18) 0-1

[Event "USA Championship Women 2022"]
[Site "Saint Louis"]
[Date "2022.10.11"]
[Round "6.3"]
[White "Foisor, Sabina-Francesca"]
[Black "Lee, Megan"]
[Result "0-1"]
[ECO "D30"]
[WhiteElo "2203"]
[BlackElo "2226"]
[Annotator "TA"]
[PlyCount "142"]
[EventDate "2022.09.05"]
[EventType "tourn"]
[EventCountry "USA"]
[SourceTitle "playchess.com"]
[Source "ChessBase"]
[SourceQuality "1"]
[TimeControl "40/5400+30:1800+30"]

1. d4 d5 2. Nf3 Nf6 3. e3 c6 4. Bd3 e6 5. b3 Nbd7 6. Bb2 Bb4+ 7. c3 Bd6 8. c4 Ne4 9. O-O O-O 10. Ne5 {[%emt 0:07:33] D30: Queen's Gambit Declined: Systems without Nc3.} f6 11. Nxd7 Bxd7 12. f3 {[%emt 0:01:50] White is slightly better.} Ng5 13. Nd2 f5 {[%emt 0:08:21] [#]} 14. Qe2 $146 ({Predecessor:} 14. g3 Rf6 15. Kg2 Rh6 16. Rh1 f4 17. h4 fxe3 18. Nf1 Nf7 19. Nxe3 Qc7 20. f4 c5 21. cxd5 exd5 {1-0 (32) Balog,I (2513)-Ratkovic,M (2081) Sombor 2010}) 14... Be8 15. e4 Bh5 16. e5 Bb4 17. a3 {[%emt 0:06:24] [#]} ({Better is} 17. Nb1 $16) 17... Nh3+ $1 $11 18. Kh1 Nf4 19. Qe3 $132 {[%emt 0:00:01][%mdl 2048] White is not keeping still} Bxd2 ({Don't play} 19... Qg5 20. g3 Bxd2 21. Qxd2 $16) 20. Qxd2 Nxd3 21. Qxd3 f4 22. a4 Bg6 23. Qd2 Qh4 24. Qf2 Qh6 25. cxd5 exd5 26. Bc1 Rae8 27. a5 Bd3 28. Rg1 Qh5 29. Re1 Re6 30. Ra2 Rf5 31. Rd2 Bb5 32. Qg1 Qf7 33. Rf2 Rg6 34. h3 Kf8 35. Ba3+ Ke8 36. Rd2 (36. Ra1 $11) 36... Qe6 (36... Rh5 $17) 37. Qh2 $2 {[%emt 0:00:29] [#] White is on the road to losing.} (37. Ra1 $1 $11 {and White stays safe.}) 37... Rg3 $1 $19 38. Bc1 {[%emt 0:00:25] [#]} (38. Bc5 $142) 38... Rh5 $1 39. Ra2 g5 40. Bd2 $2 (40. Ba3) 40... Bd3 41. a6 Bxa6 42. Rc1 (42. Bc1 $142) 42... Qf5 {[%emt 0:02:38] Hoping for ...Qd3.} 43. Be1 {[%emt 0:00:00] [#]} Rgxh3 $1 44. gxh3 Rxh3 45. Rxa6 Rxh2+ 46. Kxh2 bxa6 47. Rxc6 {[%emt 0:00:00][%mdl 4096] Endgame KQ-KRB} Qd3 {[%emt 0:02:23] White must now prevent ...Qe2+.} 48. Kg2 Qxd4 49. e6 Qb2+ 50. Bf2 d4 {[%emt 0:01:18] Threatens to win with ...d3.} 51. Rd6 Ke7 52. Rxd4 Kxe6 53. Ra4 Qxb3 54. Rxa6+ Ke5 55. Rxa7 Qd3 56. Ra5+ Kf6 57. Ra4 h5 58. Rd4 Qa3 {[%emt 0:00:34] ( -> ...h4)} 59. Rc4 h4 {[%emt 0:00:46] Black mates.} 60. Bd4+ Ke6 61. Rc3 Qa2+ 62. Kh3 Qe2 63. Ra3 Qf1+ 64. Kh2 h3 65. Ra2 Qxf3 66. Rf2 Qd3 67. Ba7 Kf5 68. Kh1 g4 69. Kg1 g3 70. Rf1 h2+ 71. Kg2 Qxf1+ {[%emt 0:00:25] Weighted Error Value: White=0.79/Black=0.12 (very precise)} 0-1

[Event "USA Championship Women 2022"]
[Site "Saint Louis"]
[Date "2022.10.11"]
[Round "6.4"]
[White "Krush, Irina"]
[Black "Cervantes Landeiro, Thalia"]
[Result "1-0"]
[ECO "A22"]
[WhiteElo "2432"]
[BlackElo "2272"]
[Annotator "TA"]
[PlyCount "81"]
[EventDate "2022.09.05"]
[EventType "tourn"]
[EventCountry "USA"]
[SourceTitle "playchess.com"]
[Source "ChessBase"]
[SourceQuality "1"]
[TimeControl "40/5400+30:1800+30"]

1. c4 e5 2. Nc3 Bb4 3. g3 Nf6 4. Bg2 O-O 5. e4 Bxc3 6. bxc3 d6 7. d3 h6 8. Nf3 Bg4 {[%emt 0:09:50] [#] A22: English Opening: 1...e5 2 Nc3 Nf6.} 9. h3 $146 ({Predecessor:} 9. O-O Qd7 10. Qb3 c5 11. Rb1 b6 12. Be3 Nc6 13. Rb2 Rfe8 14. Nh4 Kh7 15. Qa4 Rac8 16. f4 exf4 17. gxf4 {0-1 (28) Giese,T (2101)-Lisanti,A (2248) Germany 2016}) 9... Be6 10. O-O a6 {[%emt 0:08:51] White is slightly better.} 11. a4 {[%emt 0:02:48] Against b5} a5 12. c5 dxc5 (12... Na6 $11) 13. Nxe5 $16 Nbd7 14. f4 (14. Nf3 $16) 14... Nxe5 $11 15. fxe5 Nd7 16. Bf4 Re8 17. g4 (17. d4 $14) 17... Nf8 18. Be3 b6 19. g5 hxg5 20. d4 cxd4 21. cxd4 {[%emt 0:00:09][%cal Bc3d4,Bd4d5][%mdl 32] Black should prevent d5.} Bc4 22. Rf5 {[%emt 0:01:48][%mdl 1024] White has compensation.} Nh7 23. d5 Qe7 ({Black should play} 23... c6) 24. Bd4 (24. Rc1 $142 $1 b5 25. axb5) 24... Rad8 25. Qc2 Ba6 26. Rc1 {[%emt 0:00:06] White is more active.} c5 27. Bc3 Bc8 {[%emt 0:00:55] [#]} 28. Rf3 Nf8 $2 {[%emt 0:02:30][%mdl 8192] Loses the game.} (28... Ba6 $16) 29. Rcf1 $18 Ng6 $2 (29... Be6 30. dxe6 fxe6) 30. Rxf7 Qxf7 31. Rxf7 Kxf7 32. Qf2+ Kg8 33. Qg3 Nf4 {[%emt 0:01:21] Hoping for ...Ne2+.} 34. Bf1 {[%emt 0:00:32] Inhibits Ne2+.} Bxh3 35. Qxg5 {[%emt 0:01:42] Intending e6 and mate.} Rf8 (35... Ne6 $142 36. Qg3 Bxf1) 36. Bc4 {[%emt 0:04:15] White threatens e6 and mate.} ({Don't blunder} 36. e6 $2 {[#]} Nxe6 $1 37. Qe5 (37. dxe6 $2 Rxf1+ 38. Kh2 Rf2+ 39. Kg1 Rg2+ 40. Qxg2 Rd1+ 41. Kf2 Bxg2 $19) 37... Rxf1+ $19) 36... Bc8 37. Kh1 {[%emt 0:04:50] Threatening mate with e6.} Bb7 38. Kh2 {[%emt 0:05:51] White mates.} g6 39. e6 Rde8 40. Qh6 Re7 41. Qh8# {[%emt 0:30:11] Weighted Error Value: White=0.18 (very precise) /Black=0.62} 1-0

[Event "USA Championship Women 2022"]
[Site "Saint Louis"]
[Date "2022.10.11"]
[Round "6.5"]
[White "Paikidze, Nazi"]
[Black "Yan, Ruiyang"]
[Result "0-1"]
[ECO "B42"]
[WhiteElo "2354"]
[BlackElo "2220"]
[Annotator "TA"]
[PlyCount "108"]
[EventDate "2022.09.05"]
[EventType "tourn"]
[EventCountry "USA"]
[SourceTitle "playchess.com"]
[Source "ChessBase"]
[SourceQuality "1"]
[TimeControl "40/5400+30:1800+30"]

1. e4 c5 2. Nf3 e6 3. d4 cxd4 4. Nxd4 a6 5. Bd3 Nf6 6. O-O d6 7. c4 Be7 8. Nc3 O-O 9. Qe2 b6 10. Be3 Bb7 11. f3 Nbd7 12. Rac1 Rc8 {[%emt 0:02:23] B42: Sicilian: Kan Variation: 5 Bd3.} 13. Bb1 Qc7 14. Rfd1 Qb8 {[%emt 0:01:39] White is slightly better.} 15. b3 Bd8 {[%emt 0:01:22] [#]} 16. Bf2 $146 ({Predecessor:} 16. g4 Re8 17. g5 Nh5 18. f4 g6 19. Qg4 Bc7 20. Rf1 Re7 21. Rf3 Rf8 22. Rh3 {0-1 (39) Klima,L (2306)-Mikhaletz,L (2513) Czech Republic 2001}) 16... Bc7 17. f4 Rfe8 (17... e5 18. Nf5 $16) 18. Nf3 Qa8 19. Nd2 Bc6 20. a4 Nf8 21. b4 Ng6 22. g3 Bb7 23. c5 bxc5 (23... dxc5 {is interesting.} 24. bxc5 bxc5 25. e5 Nd7) 24. bxc5 dxc5 25. Nc4 h5 26. Bxc5 {[%emt 0:05:21] [#]} Qb8 $2 (26... Bxf4 $1 $11 27. Nb6 Bxc1 28. Nxa8 Rxc5 29. Rxc1 Bxa8) 27. Bd6 $2 (27. e5 $16 Bxe5 28. fxe5 Nxe5 29. Qxe5 (29. Nxe5 Rxc5 30. Nd7 Nxd7 $16) 29... Qxe5 30. Nxe5 Rxc5 31. Nd7 Nxd7 32. Rxd7) 27... Qa7+ ({Black should try} 27... Ng4 $1 $15) 28. Qf2 Bb8 29. Nb6 Ng4 30. Bxb8 $1 ({Not} 30. Qd4 $2 Bxd6 31. Nxc8 Qxd4+ 32. Rxd4 Bc5 $19) 30... Rxb8 31. Qd4 (31. Qc5 $1 $11 {was the only way to keep the balance.}) 31... e5 $17 32. fxe5 N6xe5 33. Kg2 {[%emt 0:00:39] [#] Prevents Nf3.} Bxe4+ 34. Qxe4 {[%emt 0:01:21][%mdl 8192] Loses the game.} (34. Bxe4 $17 Qxb6 35. Qxb6 Rxb6 36. Nd5 Rb2+ 37. Rc2 Rxc2+ 38. Bxc2) 34... Ng6 $19 {[%emt 0:00:29] Dancing on a razor blade.} (34... Rxb6 {leads to mate.} 35. Qh7+ Kf8 36. Qh8+ Ke7 37. Nd5+ Kd7 38. Nc7+ Kc8 39. Qxe8+ (39. Bf5+ Kb7 $17) 39... Kb7 40. Be4+) 35. Rd7 $2 (35. Qd4 Ne3+ 36. Kh3) 35... Qxb6 36. Qd4 {[%emt 0:00:29] Inhibits Qf2+.} Qxd4 37. Rxd4 Rb2+ 38. Kg1 Nxh2 {[%emt 0:00:20] aiming for ...Nf3+.} 39. Be4 {[%emt 0:02:01] Prevents Nf3+.} Ne5 40. Rd5 Nhf3+ 41. Bxf3 Nxf3+ 42. Kf1 g6 43. Rd6 $2 (43. Rd3 $19 Nh2+ 44. Kg1) 43... Re3 {[%emt 0:01:27] ( -> ...Nh2+)} 44. a5 Nh2+ {[%emt 0:00:18] Black mates.} 45. Kg1 Rxg3+ 46. Kh1 Ng4 47. Ne2 Rh3+ 48. Kg2 Rh2+ 49. Kg3 Rbxe2 50. Rc3 Rhg2+ 51. Kh3 Rg1 52. Kh4 Ne3 53. Rd8+ Kg7 54. Kh3 Nf1 {[%emt 0:00:07] Weighted Error Value: White=0.91/Black=0.37} 0-1

[Event "USA Championship Women 2022"]
[Site "Saint Louis"]
[Date "2022.10.11"]
[Round "6.6"]
[White "Yu, Jennifer"]
[Black "Lee, Alice"]
[Result "1/2-1/2"]
[ECO "D12"]
[WhiteElo "2297"]
[BlackElo "2263"]
[Annotator "TA"]
[PlyCount "126"]
[EventDate "2022.09.05"]
[EventType "tourn"]
[EventCountry "USA"]
[SourceTitle "playchess.com"]
[Source "ChessBase"]
[SourceQuality "1"]
[TimeControl "40/5400+30:1800+30"]

1. d4 d5 2. c4 c6 3. Nf3 Nf6 4. e3 Bf5 5. Nc3 e6 6. Nh4 Be4 7. f3 Bg6 8. Qb3 Qc7 9. Bd2 {[%emt 0:00:44] D12: Slav Defence: 3 Nf3 Nf6 4 e3 Bf5.} Be7 10. g3 dxc4 11. Bxc4 a6 12. a4 Nbd7 {[%emt 0:17:24] [#]} 13. a5 $146 ({Predecessor:} 13. e4 O-O 14. Nxg6 hxg6 15. e5 Nd5 16. a5 b5 17. axb6 N7xb6 18. O-O Nxc4 19. Qxc4 {1-0 (68) Tratar,M (2475)-Georgiev,V (2573) Sibenik 2010}) 13... Nh5 14. Nxg6 hxg6 15. Ne4 O-O-O 16. O-O-O {[%emt 0:04:01] White is more active.} Nhf6 17. Ng5 Rdf8 18. Bxe6 fxe6 $11 19. Nxe6 Qd6 20. Nxf8 Rxf8 21. Rhf1 Qd5 22. Qc2 Bd8 23. Qxg6 Bxa5 24. Kb1 Bxd2 25. Rxd2 Qa5 26. Qd3 Nd5 {[%emt 0:00:23][%mdl 1024] Black has compensation.} 27. e4 $1 Nb4 28. Qa3 {[%emt 0:02:14] Prevents Qa2+.} Qb5 29. Rc1 a5 30. Qc3 (30. h4 $11 {remains equal.}) 30... Qh5 $17 (30... Qa4 31. b3 Qa3 32. Re1 $14) 31. f4 (31. Rf2 $15) 31... Re8 32. d5 Qg6 (32... Rxe4 $17 {And now ...Qg6 would win.} 33. dxc6 bxc6 34. Qxg7 Qe8) 33. dxc6 $15 Qxe4+ 34. Ka1 (34. Qc2 $1 $15 bxc6 35. Qxe4 Rxe4 36. Rdd1) 34... bxc6 $17 (34... Qxc6 35. Kb1 Qxc3 36. Rxc3+ Kd8 37. Rd6 $11) 35. Rd4 (35. Qxg7 $2 Qe6 36. Qxd7+ (36. b3 $2 Nc5 $19) 36... Qxd7 37. Rxd7 Kxd7 38. Rd1+ Kc7 $19) 35... Qe6 36. Qa3 {[%emt 0:00:34] Inhibits Qa2+.} Kb7 (36... Qe3 $1 $17 37. Qxe3 Rxe3) 37. Qxa5 $11 Nd3 {[%emt 0:06:40] Pair of Knights!} 38. f5 {[%emt 0:00:47] Dancing on a razor blade.} (38. Rxd3 Ra8 39. Qxa8+ (39. Rxd7+ $2 Qxd7 40. Qxa8+ Kxa8 $19) 39... Kxa8 $17) 38... Qf7 $40 {[%emt 0:00:33][%mdl 128] Black has some attack.} 39. Rxd3 Ra8 40. Qxa8+ (40. Rxd7+ $2 Qxd7 41. Qxa8+ Kxa8 $19) 40... Kxa8 41. Rxc6 {[%emt 0:02:32] aiming for Rc7.} Qxf5 42. Rb3 Nc5 {[%emt 0:04:07] Against Ra6+} 43. Rc3 (43. Rb4 $1 $11) 43... Qf1+ 44. Ka2 Qf7+ 45. Ka3 Ne4 (45... Qa7+ $2 46. Kb4 Qb8+ 47. Kxc5 $16) 46. Rc1 (46. Rc8+ $11 Kb7 47. Rc1) 46... Nd2 $17 47. Kb4 Kb7 ({Black should try} 47... Qb3+ $17 48. Ka5 Qa2+ 49. Kb6 Qa7+ 50. Kb5 Qd7) 48. R6c3 (48. Rc7+ $1 $11 Qxc7 49. Rxc7+ Kxc7 50. Kc5) 48... Qe7+ 49. Ka4 Qd7+ 50. Ka3 (50. Ka5 $17 {keeps fighting.}) 50... Qd6+ $19 51. b4 Ne4 $2 (51... Qa6+ $1 $19 52. Kb2 Qf6) 52. Rc4 $2 (52. Rc7+ $1 $15 Qxc7 53. Rxc7+ Kxc7 54. Kb2) 52... Nf2 $2 (52... Qa6+ $19 53. Kb2 Nd6 54. Rc7+ Kb8) 53. Kb3 (53. Rc5 $11 {keeps the balance.}) 53... Ng4 54. Rc5 $2 ({Not} 54. Rxg4 $2 Qd3+ 55. Rc3 Qd1+ 56. Kb2 Qxg4 $19) (54. Rc7+ $1 $11 Kb6 55. h3) 54... Kb6 $2 (54... Nxh2 55. Rb5+ Ka6 56. Rcc5 $17) (54... Ne5 $19 {...Qe6+ is the strong threat.} 55. h4 Qd3+ 56. R1c3 Qd1+ 57. Ka3 Qa1+ 58. Kb3 Qb1+ 59. Ka4 Qa2+ 60. Ra3 Qb2) 55. Ra1 $2 (55. Rc6+ $1 $11 {and White stays safe.} Qxc6 56. Rxc6+ Kxc6 57. h4) 55... Nxh2 (55... Qe6+ $142 56. Ka3 Qe3+ 57. Ka4 Qe2) 56. Raa5 {[%emt 0:00:16] [#]} Qd1+ $1 ({Weaker is} 56... Qxg3+ 57. Ka4 $11) 57. Ka3 {[%emt 0:00:34] [#]} Qe2 $1 {[%emt 0:00:37] Strongly threatening ...Nf3.} 58. Re5 ({Don't go for} 58. Rc3 $2 Ng4 59. Rd5 Nf6 $19) 58... Qc4 (58... Qf3+ $17 59. Ka4 Qd1+ 60. Ka3 Nf3 61. Reb5+ Kc6 62. Rc5+ Kd6 63. Ra6+ Kd7 64. Ra7+ Ke6 65. Ra6+ Ke7 66. Ra7+ Ke6 67. Ra6+ Ke7 68. Ra7+ Ke6) 59. Rec5 $11 {[%emt 0:00:14] The position is equal.} Qe4 60. Rab5+ Ka6 61. Ra5+ Kb6 62. Rab5+ Ka6 63. Ra5+ Kb6 {[%emt 0:00:05] Weighted Error Value: White=0.32/Black=0.31} 1/2-1/2

[Event "USA Championship Women 2022"]
[Site "Saint Louis"]
[Date "2022.10.11"]
[Round "6.7"]
[White "Wu, Rochelle"]
[Black "Morris-Suzuki, Sophie"]
[Result "0-1"]
[ECO "D00"]
[WhiteElo "2317"]
[BlackElo "2126"]
[Annotator "TA"]
[PlyCount "120"]
[EventDate "2022.09.05"]
[EventType "tourn"]
[EventCountry "USA"]
[SourceTitle "playchess.com"]
[Source "ChessBase"]
[SourceQuality "1"]
[TimeControl "40/5400+30:1800+30"]

1. d4 d5 2. Nc3 e6 3. Bf4 a6 4. e3 Nf6 5. g4 Bb4 6. Bd3 {[%emt 0:12:48] D00: 1 d4 d5: Unusual lines.} c5 7. dxc5 (7. g5 $1 $11 {remains equal.} Nfd7 8. Nf3) 7... Nc6 $17 {[%emt 0:08:58] [#]} 8. Nf3 $146 {[%emt 0:33:46] Inhibits e5. Black is better.} ({Predecessor:} 8. g5 Nd7 9. h4 Nxc5 10. Nf3 Na4 11. Qd2 Nxb2 12. a3 Qa5 13. axb4 Qxa1+ 14. Nd1 Qxd1+ 15. Qxd1 Nxd1 16. Kxd1 Nxb4 {1-0 (36) He,A (2443)-Chernobay,A (2484) Chess.com INT 2022}) 8... Qa5 9. Qd2 Nd7 10. Bd6 Nxc5 11. Bxc5 Qxc5 12. a3 Ba5 13. O-O (13. b4 $2 Nxb4 $1 14. axb4 Bxb4 $19) 13... Bd7 14. Na4 (14. b4 $2 Nxb4 $1 15. Ne2 (15. axb4 $2 Bxb4 16. Na4 Bxa4 $19) 15... Nxd3 16. Qxd3 Bb5 $19) (14. e4 $17) 14... Qd6 (14... Qe7 $1 $19 15. b4 Bc7) 15. b4 Bc7 16. Nc5 {[%emt 0:00:08] [#]} Bc8 (16... Ne5 17. Nxe5 Qxe5 18. f4 $16) (16... e5 $1 $17 {[%cal Re5e4] aiming for ...e4.} 17. Nxd7 (17. Nxb7 Qf6 $17) 17... Qxd7) 17. e4 $2 {[%emt 0:02:16] [#]} ({White should try} 17. c4 $15) 17... Nd4 $1 $19 18. Kg2 Nxf3 19. Kxf3 b6 (19... Qxh2 20. Rh1 Qe5 21. exd5 $17) (19... dxe4+ 20. Nxe4 Qxh2 21. Rh1 $17) 20. Nb3 Bb7 (20... Qxh2 $2 21. Rh1 Qe5 22. Rh5 Qf6+ 23. Kg2) 21. Qe3 O-O 22. Ke2 f5 ({Wrong is} 22... Qxh2 $2 23. Rh1 Qe5 24. exd5 $17) 23. e5 Qxe5 24. gxf5 exf5 {[%emt 0:00:48] Strongly threatening ...Qf6.} 25. Qxe5 Bxe5 26. Rab1 Rae8 27. Kd2 Rc8 ({Don't go for} 27... Bxh2 $2 28. f4) 28. f4 Bc3+ 29. Ke2 Rce8+ 30. Kf2 Bf6 31. Kg1 d4 32. Rbe1 (32. a4 $17) 32... Be4 33. Nd2 {[%emt 0:00:07][%cal Rd2e4] [#]} Bh4 (33... Bxd3 $1 $19 34. cxd3 Re3 35. Rxe3 dxe3) 34. Re2 $2 {[%emt 0:00:59] Loses the game.} (34. Nxe4 $17 {was called for.} Bxe1 35. Nd6) 34... Bxd3 {[%emt 0:01:12] A strong pair of Bishops.} 35. Rxe8 Rxe8 36. cxd3 {[%emt 0:00:04][%mdl 4096] Endgame KRB-KRN} Re3 37. Rc1 (37. b5 $142 axb5 38. Nf3) 37... Rxd3 38. Rc8+ Kf7 39. Nc4 {[%emt 0:01:01] Black must now prevent Ne5+.} Bf6 40. Nxb6 Rc3 ({Not} 40... Rxa3 $2 41. Rc7+ Kg6 42. Rd7) 41. Kf2 Rxa3 42. Ra8 $2 (42. Rc7+ Kg6 43. Nd5) 42... Ra2+ 43. Kf1 (43. Ke1 $142 Rxh2 44. Rxa6) 43... d3 {[%emt 0:06:23] Threatens to win with ...Ra1+.} 44. Nc4 Ra1+ 45. Kf2 Bd4+ 46. Kg3 Rc1 47. Nd6+ Ke6 {[%emt 0:08:00] ( -> ...d2)} 48. Rxa6 Ra1 49. Rxa1 Bxa1 {[%emt 0:00:07] KB-KN} 50. Nc4 Kd5 51. Ne3+ Ke4 52. Nd1 Bd4 {[%emt 0:00:23] Black mates.} 53. b5 d2 54. h3 g6 55. Kg2 Kxf4 56. Kf1 Kf3 57. h4 f4 58. h5 g5 59. b6 Bxb6 60. h6 g4 {[%emt 0:00:40] Weighted Error Value: White=0.62/Black=0.13 (very precise)} 0-1

[Event "USA Championship Women 2022"]
[Site "Saint Louis"]
[Date "2022.10.12"]
[Round "7.1"]
[White "Morris-Suzuki, Sophie"]
[Black "Paikidze, Nazi"]
[Result "0-1"]
[ECO "B12"]
[WhiteElo "2126"]
[BlackElo "2354"]
[Annotator "TA"]
[PlyCount "78"]
[EventDate "2022.09.05"]
[EventType "tourn"]
[EventCountry "USA"]
[SourceTitle "playchess.com"]
[Source "ChessBase"]
[SourceQuality "1"]
[TimeControl "40/5400+30:1800+30"]

1. e4 c6 2. d4 d5 3. e5 Bf5 4. h4 h5 5. c4 e6 6. Nc3 Nd7 7. cxd5 cxd5 8. Nge2 {[%emt 0:02:43] B12: Caro-Kann: Advance Variation.} Ne7 9. Ng3 Bg6 10. Bd3 {[%emt 0:08:52] The position is equal.} Bxd3 11. Qxd3 Nc6 12. Bg5 Qb6 13. Nge2 a6 14. O-O {[%emt 0:02:37] [#]} Be7 $146 ({Predecessor:} 14... Rc8 15. Rac1 Be7 16. Rfd1 Qd8 17. Bxe7 Qxe7 18. Qg3 g6 19. Nf4 b5 20. Nce2 Nb6 21. b3 Kd7 {½-½ (27) Fernandez Fuentes,F (2074)-Amigo Barbera,F Tarragona 2000}) 15. Be3 (15. Rab1 $11) 15... Bxh4 $15 ({Resist} 15... Qxb2 16. Rfb1 Nb4 17. Rxb2 $14) 16. Rab1 Be7 {[%emt 0:02:56] Black is more active.} (16... Qc7 $17) 17. a3 (17. Nf4 $1 $11) 17... Na5 ({Black should play} 17... Qc7 $17) 18. b4 (18. Nf4 $1 $11 {keeps the balance.}) 18... Nc4 $17 19. Nf4 Qc6 20. a4 b5 21. Ra1 Rc8 (21... bxa4 $142 22. Nxa4 Bxb4) 22. axb5 axb5 23. Rfc1 Bxb4 24. Nfe2 (24. Na2 $17 Bf8 25. Bd2) 24... Be7 $19 25. f4 (25. Nf4 $142) 25... g6 26. Bf2 b4 27. Nd1 Qb7 28. Rab1 Ra8 29. Rb3 O-O 30. Ne3 Nxe3 ({Not} 30... Ra2 $2 31. Nxc4 dxc4 32. Rxc4 $19) 31. Qxe3 Rfc8 32. Rxc8+ Qxc8 33. f5 exf5 34. e6 Ra1+ 35. Kh2 Nf6 {[%emt 0:00:13] [#] ( -> ...Ng4+)} 36. exf7+ Kxf7 {[%emt 0:00:04] Black mates.} 37. Qf4 Ng4+ 38. Kg3 h4+ 39. Kf3 Rf1 {[%emt 0:00:08] Weighted Error Value: White=0.85/Black=0.18 (very precise)} 0-1